 Dungeon Crawl Stone Soup version 0.22-a0-877-g5c4e1afb51 (console) character file.

88 Lexodia the Cudgeler (level 4, 0/48 HPs)
             Began as an Ogre Berserker on July 29, 2018.
             Was a Believer of Trog.
             Succumbed to Terence's poison
             ... on level 2 of the Dungeon.
             The game lasted 00:03:20 (1427 turns).

Lexodia the Cudgeler (Ogre Berserker)               Turns: 1427, Time: 00:03:21

Health: 0/48       AC:  3    Str: 22    XL:     4   Next: 53%
Magic:  4/4        EV: 16    Int:  8    God:    Trog [**....]
Gold:   104        SH:  0    Dex: 13    Spells: 3/3 levels left

rFire    . . .     SeeInvis .   a - +0 mace
rCold    . . .     Gourm    .   (no shield)
rNeg     . . .     Faith    .   b - +0 animal skin
rPois    .         Spirit   .   (helmet restricted)
rElec    .         Reflect  .   (no cloak)
rCorr    .         Harm     .   (gloves unavailable)
MR       .....                  (boots unavailable)
Stlth    ++........             (no amulet)
HPRegen  0.16/turn              (no ring)
MPRegen  0.09/turn              (no ring)

@: agile, lethally poisoned (0 -> -28), berserk cooldown, slowed, very slow
A: large, unfitting armour, tough skin 1
a: Berserk, Trog's Hand, Renounce Religion


You were on level 2 of the Dungeon.
You worshipped Trog.
Trog was pleased with you.
You were hungry.

You visited 1 branch of the dungeon, and saw 2 of its levels.

You collected 104 gold pieces.

Inventory:

Hand Weapons
 a - a +0 mace (weapon)
Armour
 b - a +0 animal skin (worn)
Scrolls
 e - a scroll of amnesia {unknown}
 f - 6 scrolls of identify {unknown}
 h - a scroll of remove curse {unknown}
 i - a scroll of magic mapping {unknown}
 j - a scroll of enchant armour {unknown}
 k - a scroll of teleportation {unknown}
Comestibles
 c - a ration
 d - 8 chunks of flesh


   Skills:
 - Level 4.0 Fighting
 + Level 4.5 Maces & Flails
 - Level 3.0 Dodging


You had 3 spell levels left.
You didn't know any spells.
Your spell library was empty.

Dungeon Overview and Level Annotations

Branches:
Dungeon (2/15)

Altars:


Innate Abilities, Weirdness & Mutations

You are too large for most types of armour.
You have tough skin. (AC +1)


Message History

a short sword of venom; a scale mail; the human corpse of Terence Huge Dmg: -3%(-2hp) hp: 9%(6hp)
You butcher the human corpse of Terence.
You feel a strong urge to attack something.
* * * LOW HITPOINT WARNING * * *
You feel sick.
Things that are here:
a short sword of venom; a scale mail; 2 chunks of flesh Damage: -2%(-1hp) hp: 7%(5hp) Unknown command.
You are too berserk!
Unknown command.
There is a lethal amount of poison in your body!
* * * LOW HITPOINT WARNING * * *
You feel sick.
Huge Dmg: -2%(-2hp) hp: 5%(3hp)
You feel your anger nearly subside.
You are no longer berserk.
You are exhausted.
You feel yourself slow down.
You die...

#########.##### #.# #.# #.#
#.# #># #.#
#########.########### ####
#...@................
####...###(#####.....#########
#..........# ##...## ##...<#
##.## #.....# #.# #.#.#.# #.#
# #.#.# ##'## # #.# ##...##
..# ##.....## ####


There were no monsters in sight!

Vanquished Creatures
  Terence (D:2)
  An adder (D:2)
  A worm (D:2)
  2 dart slugs (D:1)
  2 giant cockroaches (D:2)
  5 goblins
  6 hobgoblins
  7 jackals (D:1)
  A quokka (D:2)
  A ball python (D:2)
  4 bats
  6 kobolds
  4 rats (D:1)
41 creatures vanquished.

Notes
Turn   | Place    | Note
-------+----------+-------------------------------------------
     0 | D:1      | Lexodia the Ogre Berserker began the quest for the Orb.
     0 | D:1      | Reached XP level 1. HP: 24/24 MP: 1/1
    83 | D:1      | Huge Dmg: 3 dmg
    85 | D:1      | Reached XP level 2. HP: 9/32 MP: 2/2
   602 | D:1      | Reached ** piety under Trog
   667 | D:1      | Huge Dmg: 7 dmg
   670 | D:1      | Reached XP level 3. HP: 25/39 MP: 3/3
  1008 | D:1      | You fall through a shaft!
  1324 | D:2      | Reached XP level 4. HP: 42/48 MP: 4/4
  1410 | D:2      | Noticed Terence
  1423 | D:2      | Huge Dmg: 9 dmg
  1423 | D:2      | Killed Terence
  1425 | D:2      | Huge Dmg: 2 dmg
  1426 | D:2      | HP: 3/72 [poisoned by Terence]
  1427 | D:2      | Huge Dmg: 2 dmg
  1427 | D:2      | Succumbed to Terence's poison

Vault maps used:
D:1:      onia_arrival_mini_maze_b
D:2:      uniq_terence

Skill      XL: |  1  2  3 |
---------------+----------+-----
Maces & Flails | 3 4 |  4.5
Dodging        | 3 |  3.0
Fighting       | |  4.0

Action                   |  1- 3 |  4- 6 || total
-------------------------+-------+-------++-------
Melee: Mace              |   132 |    15 ||   147
Invok: Berserk           |       |     1 ||     1
  Use: Potion            |       |     1 ||     1
  Eat: Chunk             |     2 |       ||     2
Armor: Animal skin       |    36 |     2 ||    38
Dodge: Dodged            |    80 |     7 ||    87

Table legend:
 A = Spawn XP
 B = Non-spawn XP
 C = Spawn XP percentage of total XP
 D = Spawn monster count
 E = Non-spawn monster count
 F = Spawn count percentage of total count
 G = Total turns spent on level
                    A         B        C        D         E        F      G
               +---------+---------+-------+---------+---------+-------+---------
         Total |       0 |     126 |   0.0 |       0 |      41 |   0.0 |  1427
               +---------+---------+-------+---------+---------+-------+---------
           D:1 |       0 |      47 |   0.0 |       0 |      26 |   0.0 |   977
           D:2 |       0 |      79 |   0.0 |       0 |      15 |   0.0 |   450
               +---------+---------+-------+---------+---------+-------+---------
